Map: Agria Valley

Players

Player 2

  • Race: Zerg Zerg
  • Spawn Location: 5:00

NamroodTuo - Winner!

  • Race: Zerg Zerg

VOD

Have the link to the VOD?

Description

Time

  • Played on: Jan. 20, 2023, 2:12 p.m.
  • Length: 10:52
Show
View Real Time Build Order
Export as new Build Order

Player 2 Zerg 

Build Orders: 1 Base Baneling Bust, Pool First 

Get SALT Encoding   

  12  0:01  Drone  
  12  0:03  Unknown  
  13  0:12  Overlord  
  13  0:18  Drone  
  14  0:30  Drone  
  14  0:32  Drone  
  16  0:44  Spawning Pool  
  16  0:46  Drone  
  16  0:51  Drone  
  16  0:53  Extractor  
  16  0:56  Drone  
  17  1:04  Overlord  
  17  1:18  Zergling x2  
  18  1:22  Queen  
  18  1:31  Zergling x2  
  19  1:36  Drone  
  22  1:40  Roach Warren  
  22  1:41  Extractor  
  20  1:47  Drone  
  21  1:58  Drone  
  22  2:08  Overlord  
  22  2:19  Drone  
  23  2:30  Roach  
  23  2:33  Drone  
  26  2:40  Overlord  
  26  2:43  Roach  
  28  2:51  Drone  
  28  2:56  Drone  
  28  2:57  Roach  
  32  3:00  Drone  
  32  3:03  Drone  
  34  3:08  Drone  
  34  3:11  Roach, Drone  
  38  3:19  Overlord  
  38  3:24  Roach  
  40  3:27  Baneling Nest  
  40  3:32  Drone  
  40  3:35  Evolution Chamber  
  40  3:37  Drone  
  40  4:01  Zergling x2  
  40  5:58  Lair  
  40  5:59  Zergling x2  
  40  6:12  Overlord, Zerg Melee Weapons Level 1  
  40  6:19  Evolution Chamber  
  40  6:20  Drone  
  40  6:22  Drone, Spore Crawler  
  40  6:24  Spore Crawler  
  39  6:25  Drone  
  39  6:27  Drone  
  39  6:41  Queen  
  39  6:49  Spine Crawler, Zerg Ground Armor Level 1  
  39  6:51  Roach  
  39  6:53  Drone, Spine Crawler  
  34  6:55  Overseer  
  36  7:01  Roach  
  36  7:05  Hatchery  
  36  7:06  Drone  
  37  7:09  Unknown, Drone, Hydralisk Den  
  37  7:12  Spire, Zergling x2  
  37  7:14  Drone  
  38  7:28  Roach  
  36  7:35  Queen  
  34  7:39  Roach  
  36  7:49  Drone  
  36  7:50  Roach  
  36  7:51  Drone  
  38  7:52  Drone  
  38  7:54  Drone  
  38  7:55  Drone  
  38  7:56  Drone  
  38  7:57  Infestation Pit  
  38  7:58  Hydralisk, Drone  
  40  7:59  Overlord, Drone  
  40  8:02  Drone  
  40  8:05  Drone  
  45  8:06  Zerg Missile Weapons Level 1  
  45  8:08  Drone  
  45  8:09  Hydralisk  
  45  8:10  Drone  
  45  8:12  Drone  
  49  8:13  Drone  
  49  8:17  Drone  
  49  8:19  Hydralisk, Drone  
  45  8:20  Drone  
  45  8:23  Drone  
  36  8:28  Drone  
  36  8:30  Hydralisk  
  33  8:36  Drone  
  29  8:43  Drone  
  29  8:44  Zergling x2  
  26  8:50  Drone  
  26  8:54  Roach  
  28  8:56  Drone  
  27  9:03  Drone  
  27  9:04  Drone  
  27  9:05  Roach  
  28  9:12  Drone  
  28  9:16  Drone  
  27  9:18  Drone  
  27  9:24  Drone  
  28  9:28  Drone  
  26  9:37  Drone  
  24  9:44  Drone  
  9  10:23  Drone  
  9  10:24  Drone  
  9  10:25  Drone x2  
  9  10:26  Drone  
Show
View Real Time Build Order
Export as new Build Order

NamroodTuo Zerg - Winner!

Build Orders:  

Get SALT Encoding   

  12  0:00  Unknown x2  
  12  0:01  Unknown  
  13  0:14  Unknown  
  13  0:23  Unknown  
  13  0:24  Unknown  
  13  0:25  Unknown  
  15  0:35  Unknown  
  15  0:36  Unknown  
  15  0:37  Unknown  
  15  0:43  Unknown  
  15  0:45  Unknown x2  
  15  0:49  Unknown  
  17  0:57  Unknown  
  17  0:59  Unknown  
  17  1:01  Unknown  
  17  1:02  Unknown  
  18  1:05  Unknown  
  18  1:09  Unknown  
  20  1:13  Unknown  
  20  1:17  Unknown  
  20  1:20  Unknown  
  20  1:21  Unknown  
  20  1:23  Unknown  
  20  1:24  Unknown  
  20  1:25  Unknown  
  22  1:26  Unknown  
  22  1:27  Unknown  
  22  1:38  Unknown  
  22  1:50  Unknown  
  22  1:51  Unknown  
  22  1:55  Unknown  
  23  2:01  Unknown  
  23  2:02  Unknown  
  23  2:07  Unknown  
  25  2:08  Unknown x7  
  25  2:09  Unknown  
  25  2:14  Unknown x2  
  25  2:16  Unknown  
  25  2:19  Unknown  
  25  2:29  Unknown  
  26  2:30  Unknown x8  
  26  2:34  Unknown  
  26  2:37  Unknown  
  26  2:41  Unknown  
  24  2:48  Unknown  
  25  2:51  Unknown x8  
  25  2:52  Unknown x2  
  25  3:00  Unknown  
  25  3:04  Unknown  
  25  3:08  Unknown x2  
  25  3:09  Unknown  
  27  3:13  Unknown x8  
  27  3:14  Unknown  
  27  3:19  Unknown  
  27  3:20  Unknown  
  27  3:21  Unknown  
  27  3:32  Unknown  
  27  3:34  Unknown x16  
  31  3:43  Unknown  
  31  3:51  Unknown  
  31  3:55  Unknown x6  
  31  3:56  Unknown x12  
  31  4:00  Unknown x2  
  31  4:01  Unknown x5  
  31  4:17  Unknown x16  
  31  4:21  Unknown  
  31  4:27  Unknown  
  31  4:32  Unknown  
  31  4:36  Unknown  
  31  4:38  Unknown x14  
  31  4:39  Unknown x4  
  31  4:44  Unknown  
  31  4:50  Unknown  
  31  4:51  Unknown  
  31  4:55  Unknown  
  31  5:00  Unknown x16  
  31  5:01  Unknown  
  31  5:07  Unknown  
  31  5:12  Unknown x2  
  31  5:18  Unknown  
  31  5:21  Unknown x16  
  31  5:24  Unknown  
  31  5:25  Unknown  
  31  5:30  Unknown  
  31  5:35  Unknown  
  31  5:41  Unknown  
  31  5:42  Unknown x2  
  31  5:43  Unknown x14  
  31  5:47  Unknown x2  
  35  5:52  Unknown  
  35  5:55  Unknown  
  35  5:57  Unknown x6  
  35  5:58  Unknown x11  
  35  5:59  Unknown x4  
  35  6:04  Unknown x18  
  35  6:05  Unknown x5  
  35  6:06  Unknown x4  
  35  6:07  Unknown  
  35  6:08  Unknown x5  
  35  6:09  Unknown x5  
  35  6:10  Unknown  
  35  6:12  Unknown x3  
  35  6:13  Unknown  
  35  6:14  Unknown  
  35  6:15  Unknown  
  35  6:21  Unknown  
  35  6:24  Unknown x6  
  35  6:25  Unknown x24  
  35  6:26  Unknown x17  
  35  6:27  Unknown  
  35  6:30  Unknown  
  35  6:31  Unknown x7  
  35  6:32  Unknown x10  
  35  6:33  Unknown  
  35  6:36  Unknown  
  35  6:38  Unknown x4  
  38  6:42  Unknown  
  38  6:44  Unknown  
  38  6:46  Unknown  
  37  6:47  Unknown x41  
  37  6:48  Unknown x3  
  37  6:49  Unknown  
  37  6:50  Unknown x9  
  37  6:51  Unknown  
  37  6:53  Unknown  
  37  6:55  Unknown x2  
  37  6:59  Unknown x2  
  37  7:01  Unknown x2  
  37  7:03  Unknown  
  37  7:04  Unknown  
  37  7:05  Unknown  
  37  7:06  Unknown  
  37  7:07  Unknown  
  41  7:08  Unknown x28  
  41  7:09  Unknown x4  
  41  7:10  Unknown  
  41  7:11  Unknown x3  
  41  7:12  Unknown x2  
  44  7:16  Unknown x2  
  44  7:18  Unknown x2  
  44  7:22  Unknown  
  44  7:23  Unknown x3  
  44  7:24  Unknown  
  44  7:27  Unknown x11  
  44  7:28  Unknown x5  
  44  7:29  Unknown x4  
  45  7:30  Unknown x46  
  45  7:31  Unknown x8  
  45  7:32  Unknown x6  
  45  7:33  Unknown x2  
  45  7:35  Unknown  
  49  7:38  Unknown  
  49  7:39  Unknown  
  49  7:40  Unknown  
  49  7:41  Unknown  
  49  7:42  Unknown  
  49  7:43  Unknown x2  
  50  7:45  Unknown x16  
  50  7:46  Unknown x7  
  50  7:47  Unknown x6  
  50  7:48  Unknown x2  
  50  7:49  Unknown x3  
  50  7:50  Unknown  
  50  7:51  Unknown x32  
  50  7:52  Unknown  
  50  7:55  Unknown x11  
  50  7:56  Unknown x9  
  50  7:57  Unknown  
  54  7:58  Unknown  
  54  8:01  Unknown  
  54  8:02  Unknown  
  54  8:04  Unknown  
  54  8:07  Unknown x2  
  54  8:09  Unknown x11  
  54  8:10  Unknown x2  
  54  8:12  Unknown  
  54  8:13  Unknown x36  
  54  8:15  Unknown x7  
  54  8:16  Unknown x11  
  54  8:17  Unknown x13  
  54  8:18  Unknown x10  
  54  8:19  Unknown x11  
  54  8:20  Unknown x2  
  54  8:21  Unknown x4  
  54  8:22  Unknown x3  
  54  8:23  Unknown x3  
  54  8:24  Unknown x7  
  54  8:25  Unknown x11  
  54  8:26  Unknown x8  
  58  8:27  Unknown x2  
  58  8:29  Unknown x5  
  58  8:30  Unknown x9  
  58  8:31  Unknown x7  
  58  8:32  Unknown x9  
  58  8:33  Unknown x3  
  58  8:34  Unknown x38  
  62  8:35  Unknown x12  
  62  8:36  Unknown x7  
  62  8:37  Unknown x8  
  62  8:38  Unknown x12  
  62  8:39  Unknown x2  
  62  8:40  Unknown  
  62  8:41  Unknown x16  
  62  8:42  Unknown x2  
  62  8:43  Unknown x6  
  62  8:44  Unknown x10  
  62  8:45  Unknown  
  62  8:47  Unknown x2  
  62  8:48  Unknown x4  
  62  8:49  Unknown x2  
  62  8:50  Unknown x2  
  62  8:51  Unknown  
  62  8:52  Unknown  
  62  8:53  Unknown  
  62  8:55  Unknown x26  
  62  8:56  Unknown x44  
  62  8:57  Unknown  
  62  8:58  Unknown x5  
  62  8:59  Unknown x6  
  62  9:01  Unknown x2  
  62  9:02  Unknown  
  66  9:03  Unknown x4  
  66  9:04  Unknown x10  
  66  9:05  Unknown x7  
  66  9:06  Unknown  
  66  9:07  Unknown x2  
  66  9:08  Unknown x2  
  66  9:09  Unknown x2  
  70  9:10  Unknown x7  
  70  9:11  Unknown x8  
  70  9:12  Unknown  
  70  9:13  Unknown  
  70  9:14  Unknown x2  
  70  9:15  Unknown  
  70  9:16  Unknown x7  
  70  9:17  Unknown x32  
  70  9:18  Unknown x3  
  70  9:19  Unknown x3  
  70  9:20  Unknown  
  70  9:21  Unknown x2  
  70  9:22  Unknown x2  
  70  9:23  Unknown x12  
  70  9:24  Unknown x18  
  70  9:25  Unknown x12  
  70  9:26  Unknown x3  
  70  9:27  Unknown x6  
  70  9:28  Unknown  
  70  9:30  Unknown x2  
  70  9:31  Unknown x4  
  70  9:32  Unknown x12  
  70  9:33  Unknown x2  
  70  9:35  Unknown x5  
  70  9:36  Unknown x14  
  70  9:37  Unknown x15  
  70  9:38  Unknown x65  
  70  9:39  Unknown x23  
  70  9:40  Unknown x14  
  70  9:41  Unknown x22  
  70  9:42  Unknown x18  
  70  9:43  Unknown x5  
  70  9:44  Unknown x3  
  70  9:45  Unknown x4  
  70  9:46  Unknown x15  
  70  9:47  Unknown x2  
  70  9:48  Unknown x3  
  70  9:49  Unknown x4  
  70  9:50  Unknown x4  
  70  9:52  Unknown x2  
  70  9:53  Unknown  
  70  9:54  Unknown x2  
  70  9:55  Unknown x3  
  70  9:56  Unknown x2  
  70  9:57  Unknown x2  
  70  9:58  Unknown x3  
  70  9:59  Unknown x3  
  70  10:00  Unknown x44  
  70  10:01  Unknown x20  
  70  10:02  Unknown x7  
  70  10:03  Unknown x13  
  70  10:04  Unknown x21  
  70  10:05  Unknown x7  
  70  10:06  Unknown x11  
  70  10:07  Unknown x10  
  71  10:08  Unknown x7  
  71  10:09  Unknown x8  
  71  10:10  Unknown x10  
  71  10:11  Unknown x17  
  71  10:12  Unknown x9  
  71  10:13  Unknown x13  
  71  10:14  Unknown x24  
  71  10:15  Unknown x12  
  71  10:16  Unknown x29  
  71  10:17  Unknown x11  
  71  10:18  Unknown x10  
  71  10:19  Unknown x15  
  71  10:20  Unknown x17  
  71  10:21  Unknown x92  
  71  10:22  Unknown x22  
  71  10:23  Unknown x29  
  71  10:24  Unknown x26  
  71  10:25  Unknown x26  
  71  10:26  Unknown x27  
  71  10:27  Unknown x18  
  71  10:28  Unknown x23  
  71  10:29  Unknown x16  
  71  10:30  Unknown x19  
  71  10:31  Unknown x27  
  71  10:32  Unknown x25  
  71  10:33  Unknown x20  
  71  10:34  Unknown x19  
  71  10:35  Unknown x19  
  71  10:36  Unknown x27  
  71  10:37  Unknown x20  
  71  10:38  Unknown x24  
  71  10:39  Unknown x22  
  71  10:40  Unknown x10  
  71  10:41  Unknown x13  
  71  10:42  Unknown x20  
  71  10:43  Unknown x37  
  71  10:44  Unknown x15  
  71  10:45  Unknown x4  
  71  10:46  Unknown  
  71  10:47  Unknown x6  
  71  10:49  Unknown x4  
  71  10:50  Unknown x15  
  71  10:51  Unknown x5  
  71  10:52  Unknown x4  
Tags
 
Add a new tag
Caveats
  • Supply blocks, unpowered buildings, or Contaminate may cause inaccurate times.
  • Supply counts are checked every 10 seconds.